 Dungeon Crawl Stone Soup version 0.31-a0-507-gbafd7f5274 (webtiles) character file.

Game seed: 1906371326654588277

3662 RepHenryClay the Cleaver (level 9, -2/63 HPs)
             Began as a Demonspawn Monk on Aug 10, 2023.
             Succumbed to a hornet's poison
             ... on level 9 of the Dungeon.
             The game lasted 00:17:01 (9091 turns).

RepHenryClay the Cleaver (Demonspawn Monk)          Turns: 9091, Time: 00:17:02

Health: -2/63      AC: 12    Str: 13    XL:     9   Next: 89%
Magic:  9/9        EV: 11    Int: 12    God:
Gold:   441        SH:  0    Dex: 24    Spells: 8/8 levels left

rFire   . . .        a - +3 war axe
rCold   . . .        (no shield)
rNeg    . . .        p - +0 scale mail
rPois   .            (no helmet)
rElec   .            v - +0 cloak
rCorr   +            A - +0 pair of gloves
SInv    .            (no boots)
Will    .....        k - amulet of magic regeneration
Stlth   +            r - +6 ring of dexterity
HPRegen 0.30/turn    s - ring of resist corrosion
MPRegen 0.51/turn

%: no passive effects
@: lethally poisoned (-2 -> -15), slowed, very slow
A: demonic guardian 1, ignite blood 1, sharp scales 1, weakness stinger 2
a: no special abilities


You were on level 9 of the Dungeon.
You visited 1 branch of the dungeon, and saw 9 of its levels.
You also visited: Ossuary.

You collected 561 gold pieces.
You spent 120 gold pieces at shops.

Inventory:

Hand Weapons
 a - a +3 war axe (weapon)
 L - a +0 battleaxe
Missiles
 z - 13 poisoned darts
Armour
 c - the +0 pair of boots of Yredelemnul's Pride {MP+9 Str-5 Dex+2}
   (You found it on level 3 of the Dungeon)

   Str-5:     It affects your strength (-5).
   Dex+2:     It affects your dexterity (+2).
   MP+9:      It affects your magic capacity (+9).
 d - an orb of light
 p - a +0 scale mail (worn)
 v - a +0 cloak (worn)
 A - a +0 pair of gloves (worn)
Jewellery
 b - a ring of magical power
 k - an amulet of magic regeneration (around neck)
 o - a +6 ring of strength
 r - a +6 ring of dexterity (left hand)
 s - a ring of resist corrosion (right hand)
 y - a ring of fire
 K - a ring of positive energy
Wands
 e - a wand of polymorph (14)
 j - a wand of flame (24)
 B - a wand of roots (6)
 F - a wand of mindburst (21)
Scrolls
 f - a scroll of torment
 l - 5 scrolls of enchant weapon
 m - 2 scrolls of fear
 n - 4 scrolls of teleportation
 t - a scroll of revelation
 u - a scroll of vulnerability
 w - 2 scrolls of fog
 E - a scroll of immolation
Potions
 g - a potion of cancellation
 h - a potion of attraction
 i - 5 potions of brilliance
 C - 2 potions of haste
 D - 3 potions of mutation
 G - 3 potions of curing


   Skills:
 - Level 3.0 Fighting
 + Level 9.7 Axes
 + Level 9.2 Armour
 - Level 2.6 Dodging


You had 8 spell levels left.
You didn't know any spells.
Your spell library contained the following spells:

 Spells                   Type           Power      Damage    Failure   Level
 Apportation              Tloc           0%         N/A       75%         1
 Kiss of Death            Conj/Necr      0%         2d5       75%         1
 Shock                    Conj/Air       0%         1d3       75%         1
 Confusing Touch          Hex            0%         N/A       98%         3
 Animate Armour           Summ/Erth      0%         N/A       100%        4
 Animate Dead             Necr           0%         N/A       100%        4
 Dispel Undead            Necr           0%         3d6       100%        4
 Summon Lightning Spire   Summ/Air       0%         N/A       100%        4
 Alistair's Intoxication  Tmut/Pois      0%         N/A       100%        5
 Borgnjor's Vile Clutch   Necr/Erth      0%         N/A       100%        5
 Lee's Rapid Deconstruct  Erth           0%         3d4*      100%        5
 Death Channel            Necr           0%         N/A       100%        6


Dungeon Overview and Level Annotations

Branches:
Dungeon (9/15)               Lair (0/5) D:9         Ossuary (visited)
 Temple: D:4-7          Orc: D:9-12

Altars:
Sif Muna

Shops:
D:2 !   D:5 !

Annotations:
D:7 Jeremiah


Innate Abilities, Weirdness & Mutations

A weak demonic guardian rushes to your aid.
Your demonic aura sometimes causes spilled blood to erupt in flames.
You are partially covered in razor-sharp scales. (AC +1, Slay +1)
You have a tail ending in a sharp stinger.


Message History

The hornet stings you but does no damage.
The hornet stings you.
You feel as though you will be slow longer.
The hornet closely misses you.
Damage: -8%(-5hp) hp: 43%(27hp) Unknown command.
You completely miss the hornet.
The hornet is heavily wounded.
The hornet stings you but does no damage.
The hornet completely misses you.
Unknown command.
You barely miss the hornet.
The hornet is heavily wounded.
The hornet barely misses you. x2
Unknown command.
You slash the hornet!
The hornet is severely wounded.
The hornet stings you.
* * * LOW HITPOINT WARNING * * *
You are poisoned.
You suddenly lose the ability to move!
The hornet stings you!
* * * LOW HITPOINT WARNING * * *
You are lethally poisoned!
You feel as though you will be slow longer.
* * * LOW HITPOINT WARNING * * *
You feel very sick. The hornet stings you.
* * * LOW HITPOINT WARNING * * *
A demonic guardian appears!
You feel as though you will be slow longer.
The hornet stings you.
* * * LOW HITPOINT WARNING * * *
You feel as though you will be slow longer.
* * * LOW HITPOINT WARNING * * *
You feel very sick. The hornet barely misses you.
You can move again.
Huge Dmg: -41%(-26hp) hp: 4%(2hp)
You swap places.
You die...

## .##########
#.........# #########.###
######## #....# #......#
#....# ###......#
#....####.@......#
#######....##...#5.....#
##..)..........###y.....#
...##.......#### #......#
#####.......# #.$....#
#.......# #......#
#.......# #......#
#.......# ###+####
####...####


You could see a hornet (ally target) and a friendly iron imp (summoned).

Vanquished Creatures
  A komodo dragon (D:9)
  A wyvern (D:9)
  A yak (D:7)
  A basilisk (D:9)
  An acid dragon (D:9)
  A black bear (D:5)
  2 hornet zombies (Ossuary)
  An ogre (D:4)
  A centaur (D:5)
  3 bullfrogs
  A kobold brigand (D:6)
  2 water moccasin zombies (Ossuary)
  6 scorpions
  4 wights (D:9)
  4 bullfrog zombies (Ossuary)
  8 centaur zombies (Ossuary)
  2 jellies (D:5)
  4 hounds
  4 orc priests
  2 orc wizards
  2 iguanas
  Natasha (twice) (D:3)
  5 killer bee zombies (Ossuary)
  10 mummies (Ossuary)
  A howler monkey zombie (Ossuary)
  2 gnolls
  14 adders
  A shadow imp (D:5)
  2 ufetubi
  2 dart slugs
  29 orcs
  8 ball pythons
  7 bats
  9 endoplasms
  4 giant cockroaches
  5 goblins
  3 hobgoblins
  2 jackals (D:5)
  14 kobolds
  A quokka (D:2)
  A frilled lizard (D:2)
  5 rats
179 creatures vanquished.

Vanquished Creatures (collateral kills)
  A bullfrog zombie (Ossuary)
  Jessica (D:3)
  Natasha (D:3)
  A killer bee zombie (Ossuary)
  A mummy (Ossuary)
  A gnoll (D:3)
  A howler monkey zombie (Ossuary)
  A kobold (D:4)
8 creatures vanquished.

Grand Total: 187 creatures vanquished

Notes
Turn   | Place    | Note
-------+----------+-------------------------------------------
     0 | D:1      | RepHenryClay the Demonspawn Monk began the quest for the
                  | Orb.
     0 | D:1      | Reached XP level 1. HP: 18/18 MP: 1/1
   122 | D:1      | Reached skill level 1 in Armour
   122 | D:1      | Gained mutation: You have a small tail. [demonic ancestry]
   122 | D:1      | Reached XP level 2. HP: 23/24 MP: 2/2
   929 | D:2      | Gained mutation: Your demonic aura sometimes causes spilled
                  | blood to erupt in flames. [demonic ancestry]
   929 | D:2      | Reached XP level 3. HP: 16/29 MP: 3/3
   930 | D:2      | HP: 1/29 [orc priest/+0 dagger (1)]
  1198 | D:3      | Identified the +0 pair of boots of Yredelemnul's Pride
                  | {MP+9 Str-5 Dex+2}
  1285 | D:3      | Noticed Natasha
  1302 | D:3      | HP: 1/29 [Natasha (8)]
  1307 | D:3      | Killed Natasha
  1308 | D:3      | Gained mutation: A weak demonic guardian rushes to your
                  | aid. [demonic ancestry]
  1308 | D:3      | Reached XP level 4. HP: 13/35 MP: 4/4
  1443 | D:3      | Found a faded altar of an unknown god.
  1447 | D:3      | Got Plato's Anthology of Ceraunoscopy and Damage
  1506 | D:3      | Noticed Natasha
  1515 | D:3      | Killed Natasha
  1653 | D:3      | Noticed Natasha
  1665 | D:3      | Killed Natasha
  1666 | D:3      | Reached XP level 5. HP: 25/41 MP: 5/5
  1900 | D:3      | Noticed Jessica
  1905 | D:3      | Killed Jessica
  1985 | D:3      | Found a shimmering blue altar of Sif Muna.
  2676 | D:2      | Identified the +3 short sword of Entrepreneurial Spirit
                  | {antimagic, Dex+6}
  3068 | D:2      | Found Kilir's Distillery.
  3075 | D:2      | Reached XP level 6. HP: 40/47 MP: 6/6
  3127 | D:2      | Bought a potion of curing for 30 gold pieces
  3127 | D:2      | Bought a potion of might for 40 gold pieces
  3127 | D:2      | Bought a potion of berserk rage for 50 gold pieces
  3783 | D:4      | Reached skill level 5 in Axes
  4368 | D:4      | Reached XP level 7. HP: 52/52 MP: 7/7
  4548 | D:5      | Entered Level 5 of the Dungeon
  4809 | D:5      | Found Dorugg's Distillery.
  4820 | D:5      | Reached skill level 5 in Armour
  5312 | D:5      | Gained mutation: You have a tail ending in a sharp stinger.
                  | [demonic ancestry]
  5312 | D:5      | Reached XP level 8. HP: 26/58 MP: 8/8
  5792 | D:6      | Identified the +4 dagger "Ocohe" {speed, *Rage Will+++
                  | Int+6}
  6123 | D:6      | Found a sand-covered staircase.
  6130 | Ossuary  | Entered an ossuary
  6466 | Ossuary  | Gained mutation: You are partially covered in razor-sharp
                  | scales. (AC +1, Slay +1) [demonic ancestry]
  6466 | Ossuary  | Reached XP level 9. HP: 8/63 MP: 9/9
  6468 | Ossuary  | HP: 2/63 [bog mummy (7)]
  7788 | D:7      | Noticed Jeremiah
  8656 | D:9      | Noticed a komodo dragon
  8665 | D:9      | Killed a komodo dragon
  8987 | D:9      | Found a staircase to the Lair.
  9081 | D:9      | Paralysed by a hornet for 2 turns
  9088 | D:9      | Paralysed by a hornet for 3 turns
  9090 | D:9      | HP: 2/63 [poisoned by a hornet]
  9091 | D:9      | Succumbed to a hornet's poison

Illustrated notes

Levels and vault maps discovered:
D:1:      lemuel_arrival_rhombus, layout_basic, minmay_domino_4
D:2:      layout_basic, serial_shops, shop_fountains, basic_altar,
          kennysheep_generic_room_12
D:3:      layout_loops_ring, mainiacjoe_overflow_24_doors,
          shapermc_ecumenical_altar_rom_forum, uniq_jessica, uniq_natasha
D:4:      layout_basic
D:5:      layout_basic, serial_shops, nicolae_shop_stone
D:6:      layout_basic, chequers_ossuary_entry_cave
D:7:      layout_basic, minmay_temple_entry_stoned_glass, serial_corexii_hall,
          corexii_hall_statues_i, chequers_hall_statues_wall_a,
          minmay_gold_behind_fungi, hangedman_decor_push, uniq_jeremiah,
          uniq_menkaure
D:8:      layout_gridville, mainiacjoe_overflow_cross_hatched,
          lightli_bailey_entry_fortress, jiyva_altar_1, uniq_amaemon
D:9:      layout_roguey, erik_lair_dragon, st_stairs_10,
          nicolae_shop_dragon_depot, serial_bayou_lagoon_b

Skill      XL: |  1  2  3  4  5  6  7  8  9 |
---------------+----------------------------+-----
Axes           | 3 4 5 6 8 9 |  9.7
Armour         | 1 2 3 4 5 7 9 |  9.2
Fighting       | |  3.0
Dodging        | |  2.6

Action                     |  1- 3 |  4- 6 |  7- 9 || total
---------------------------+-------+-------+-------++-------
  Melee: Hand axe          |    77 |   184 |   214 ||   475
         Tailslap          |    15 |    29 |    72 ||   116
         War axe           |       |       |   189 ||   189
  Evoke: Wand              |       |     1 |     3 ||     4
    Use: Potion            |     5 |       |    10 ||    15
         Scroll            |     1 |       |    17 ||    18
   Stab: Distracted        |       |     1 |       ||     1
         Invisible         |       |       |     1 ||     1
 Armour: Robe              |     3 |       |       ||     3
         Ring mail         |    13 |    59 |    46 ||   118
         Skin              |     1 |     3 |       ||     4
         Scale mail        |       |       |   149 ||   149
  Dodge: Dodged            |    45 |   105 |   257 ||   407

Table legend: (Time is in decaauts)
 A = Elapsed time spent in this place.
 B = Non-inter-level travel time spent in this place.
 C = Inter-level travel time spent in this place.
 D = Time resting spent in this place.
 E = Time spent auto-exploring this place.
 F = Levels seen in this place.
 G = Mean time per level.
                   A        B        C        D        E       F      G
               +--------+--------+--------+--------+--------+-----+--------+
         Total |   9154 |   8754 |    400 |   1517 |   5509 |  10 |  915.4 |
       Dungeon |   8429 |   8029 |    400 |   1196 |   5389 |   9 |  936.6 |
       Ossuary |    724 |    724 |      0 |    321 |    120 |   1 |  724.0 |
               +--------+--------+--------+--------+--------+-----+--------+

Top non-repeatable levels by time:
     D:2: 1571 daAuts
     D:3: 1375 daAuts
     D:6: 1261 daAuts
     D:5: 1172 daAuts
     D:4: 997 daAuts
     D:9: 838 daAuts
 Ossuary: 724 daAuts
     D:1: 660 daAuts
     D:7: 525 daAuts
     D:8: 26 daAuts
